 Dungeon Crawl Stone Soup version 0.30-a0-12-gd8047c6341 (webtiles) character file.

Game seed: 6094714652740683997

451 Sobieck the Cudgeller (level 6, -3/50 HPs)
             Began as a Palentonga Abyssal Knight on Aug 23, 2022.
             Was a Priest of Lugonu.
             Killed by divine providence
             ... invoked by an orc priest
              (13 damage)
             ... on level 4 of the Dungeon.
             The game lasted 00:05:32 (3943 turns).

Sobieck the Cudgeller (Palentonga Abyssal Knight)   Turns: 3943, Time: 00:05:33

Health: -3/50      AC:  5    Str: 20    XL:     6   Next: 75%
Magic:  9/9        EV:  9    Int: 11    God:    Lugonu [***...]
Gold:   176        SH:  0    Dex: 10    Spells: 5/5 levels left

rFire   + . .      SeeInvis +    a - +1 mace {mace}
rCold   + . .      Faith    .    (no shield)
rNeg    . . .      Spirit   .    t - +0 leather armour {rPois}
rPois   +          Reflect  .    l - +0 helmet
rElec   .          Harm     .    e - scarf {rC+ rF+}
rCorr   .          Rampage  .    (no gloves)
Will    .....                    (no barding)
Stlth   +.........               E - amulet of the acrobat
HPRegen 0.16/turn                (no ring)
MPRegen 0.11/turn                (no ring)

@: studying Polearms
A: large, rugged brown scales 3, see invisible, deformed body, roll 1, armoured
tail
a: Rolling Charge, Renounce Religion, Depart the Abyss, Bend Space, Banish


You were on level 4 of the Dungeon.
You worshipped Lugonu.
Lugonu was most pleased with you.
You visited 1 branch of the dungeon, and saw 4 of its levels.
You visited the Abyss 1 time.

You collected 176 gold pieces.


Innate Abilities, Weirdness & Mutations

You are completely covered in rugged brown scales. (AC +3, +7% HP)
You have supernaturally acute eyesight. (SInv)
Armour fits poorly on your strangely shaped body.
You can roll at nearby foes to attack.
You have a long armoured tail.


   Skills:
 - Level 3.0 Fighting
 * Level 6.1 Maces & Flails
 - Level 1.5 Armour
 - Level 0.7 Dodging
 + Level 4.8 Invocations


You had 5 spell levels left.
You didn't know any spells.
Your spell library contained the following spells:

 Spells                   Type           Power      Damage    Failure   Level
 Summon Small Mammal      Summ           0%         N/A       38%         1
 Call Canine Familiar     Summ           0%         N/A       77%         3
 Summon Guardian Golem    Hex/Summ       0%         N/A       77%         3

Inventory:

Hand Weapons
 a - a +1 mace (weapon) {mace}
 A - a +2 dagger of venom {short}
   (You took it off a goblin on level 3 of the Dungeon)
 I - the +6 falchion of Hurling Instant Death {chaos, rPois rF- rCorr Int+5, long}
   (You found it on level 4 of the Dungeon)

   Each time it hits an enemy it has a different, random effect.
   Int:       It affects your intelligence (+5).
   rF:        It makes you vulnerable to fire.
   rPois:     It protects you from poison.
   rCorr:     It protects you from acid and corrosion.
Missiles
 h - 22 stones {throwing}
 y - 2 javelins {throwing}
Armour
 b - a +0 leather armour
 e - a scarf of resistance (worn)
   (You found it on level 1 of the Dungeon)
 l - a +0 helmet (worn)
   (You found it on level 2 of the Dungeon)
 m - a +0 ring mail
   (You found it on level 2 of the Dungeon)
 n - a +0 scale mail
   (You took it off an orc on level 2 of the Dungeon)
 o - a +0 chain mail
   (You took it off an orc on level 2 of the Dungeon)
 p - a +0 scale mail
   (You took it off an orc on level 2 of the Dungeon)
 t - a +0 leather armour of poison resistance (worn)
   (You found it on level 2 of the Dungeon)
 v - a +0 robe
   (You took it off Sigmund on level 3 of the Dungeon)
 x - a +0 leather armour
   (You found it on level 3 of the Dungeon)
 F - a +0 robe
   (You found it on level 4 of the Dungeon)
 J - a +0 leather armour
   (You found it on level 4 of the Dungeon)
Jewellery
 E - an amulet of the acrobat (around neck)
   (You found it on level 4 of the Dungeon)
Scrolls
 c - 6 scrolls of identify {unknown}
 g - 2 scrolls of vulnerability {unknown}
 i - a scroll of noise {unknown}
 q - a scroll of torment {unknown}
 r - a scroll of poison {unknown}
 C - a scroll of teleportation {unknown}
 D - a scroll of enchant weapon {unknown}
 H - a scroll of fear {unknown}
Potions
 d - 2 potions of berserk rage {unknown}
 f - a potion of might {unknown}
 j - 4 potions of curing {unknown}
 k - a potion of lignification {unknown}
 s - a potion of mutation {unknown}
 u - a potion of magic {unknown}
 w - 3 potions of attraction {unknown}
 z - 2 potions of heal wounds {unknown}
 B - 2 potions of degeneration {unknown}
 G - a potion of flight {unknown}

Dungeon Overview and Level Annotations

Branches:
Dungeon (4/15) Zot: 20017  Temple (0/1) D:4

Altars:

Shops:
D:3

:
#..##...##.#..###.####...#
##......####..#######..###
#..#....>##.....# ##...# #
.. ##...######..###..#####
..##.....## ##......####..
......##..###..........##.
.##..#..o........#......>.
....#..o######..#........
..#.....#@.# ##..........
. ##..o....+ #....###..##
##....).# #...##...###
#.#..<######...##...# #
...##.. #.......#...###
#.. ##.....##.....##....
.. ..... ##...###.... ....
##### ###.. # ##.


You could see an orc priest and 2 orcs.


Message History

The ball python hisses angrily.
You closely miss the quokka.
Your tail-slap misses the quokka.
The quokka closely misses you.
You miss the quokka.
The quokka bites you but does no damage.
You hit the quokka.
The quokka bites you but does no damage.
You sock the quokka!
You kill the quokka!
Lugonu accepts your kill.
You barely miss the ball python. The ball python closely misses you.
You hit the ball python but do no damage.
You tail-slap the ball python.
You kill the ball python!
Lugonu accepts your kill.
No target in view!
No target in view!
You see here a quokka corpse.
Found an escape hatch in the floor.
Unknown command.
You now have 159 gold pieces (gained 18).
You now have 176 gold pieces (gained 17).
H - a scroll labelled QAJEFE USEM
I - the +6 falchion of Hurling Instant Death {chaos, rPois rF- rCorr Int+5, long} Unknown command.
Found a staircase to the Ecumenical Temple.
You see here a +2 cloak.
Found a stone staircase leading down.
J - a +0 leather armour Unknown command.
Found a stone staircase leading down.
Unknown command.
An endoplasm comes into view.
Danger!
The endoplasm quivers.
You roll forward with a clatter of scales!
You hit the endoplasm but do no damage. The endoplasm barely misses you.
You hit the endoplasm.
The endoplasm hits you but does no damage.
The endoplasm freezes you.
You are frozen.
You resist.
You sock the endoplasm!
You kill the endoplasm!
Lugonu accepts your kill.
No target in view!
Found a stone staircase leading down.
There is a stone staircase leading down here.
An orc and 2 orc priests come into view.
The orc priest shouts! x2
The orc priest mumbles some strange prayers to Beogh against you.
Pain shoots through your body!
Danger!
An orc comes into view. It is wielding a +0 short sword.
The orc shouts!
The orc priest begins to cast a cantrip, but forgets the words!
You roll forward with a clatter of scales!
You barely miss the orc priest.
An orc comes into view. It is wielding a +0 hand axe.
The orc priest hits you with a +0 hand axe.
The orc shouts!
You hit the orc priest. The orc barely misses you.
The orc priest hits you with a +0 hand axe.
You hit the orc priest but do no damage.
Your tail-slap misses the orc priest.
The orc barely misses you.
The orc priest hits you but does no damage.
You hit the orc priest but do no damage.
The orc priest barely misses you. The orc closely misses you.
The orc priest hits you with a +0 hand axe.
You are too injured to fight recklessly!
You barely miss the orc priest. You tail-slap the orc priest.
The orc priest hits you with a +0 mace.
The orc hits you from afar with a +0 trident.
The orc priest hits you with a +0 hand axe.
You closely miss the orc priest. The orc hits you with a +0 short sword.
* * * LOW HITPOINT WARNING * * *
The orc priest looks satisfied for a moment.
The orc closely misses you. The orc hits you but does no damage.
The orc priest invokes the aid of Beogh against you.
Beogh smites you!
* * * LOW HITPOINT WARNING * * *
The orc completely misses you.
The orc priest hits you but does no damage.
Unknown command.
The orc attacks as you move away! The orc completely misses you.
The orc priest attacks as you move away!
The orc priest completely misses you.
Found a stone staircase leading up.
Unknown command.
You hit the orc. The orc hits you with a +0 hand axe.
* * * LOW HITPOINT WARNING * * *
You hit the orc. The orc hits you with a +0 hand axe.
* * * LOW HITPOINT WARNING * * *
You hit the orc.
You kill the orc!
Lugonu accepts your kill.
Unknown command.
You hit the orc.
The orc priest invokes the aid of Beogh against you.
Beogh smites you!
You die...

Skill      XL: |  1  2  3  4  5  6 |
---------------+-------------------+-----
Maces & Flails | 3 4 5 6 |  6.1
Invocations    | 3 4 |  4.8
Fighting       | |  3.0
Armour         | |  1.5
Dodging        | |  0.7

Action                   |  1- 3 |  4- 6 || total
-------------------------+-------+-------++-------
Melee: Mace              |    83 |   149 ||   232
       Tailslap          |     5 |    12 ||    17
       Punch             |     1 |       ||     1
 Abil: Rolling Charge    |    22 |    32 ||    54
Armor: Leather armour    |    41 |    38 ||    79
Dodge: Dodged            |    42 |    52 ||    94

Levels and vault maps discovered:
D:1:      co_arrival_hexagon_in_a_hexagon, layout_rooms, minmay_misc_feat_x
D:2:      layout_basic
D:3:      layout_basic, shapermc_ecumenical_altar_totnotflames, serial_shops,
          shop, minmay_puff, uniq_sigmund
D:4:      layout_cave_pools, minmay_temple_entry_waves,
          minmay_misc_feat_secret_circle, sigmund_army

Notes
Turn   | Place    | Note
-------+----------+-------------------------------------------
     0 | Abyss:1  | Sobieck the Palentonga Abyssal Knight began the quest for
                  | the Orb.
     0 | Abyss:1  | Reached XP level 1. HP: 19/19 MP: 2/2
     1 | D:1      | You pass through the gate.
     1 | D:1      | Escaped the Abyss
   109 | D:1      | Reached XP level 2. HP: 20/25 MP: 3/3
   309 | D:1      | Reached skill level 3 in Maces & Flails
   321 | D:1      | Reached XP level 3. HP: 18/31 MP: 4/4
   604 | D:1      | Reached *** piety under Lugonu
   665 | D:2      | HP: 7/31 [poisoned by an adder]
  1049 | D:2      | You pick up a book of Callings and begin reading...
  1049 | D:2      | You add the spells Summon Small Mammal, Call Canine
                  | Familiar and Summon Guardian Golem to your library.
  1300 | D:2      | Reached skill level 3 in Invocations
  1317 | D:2      | Reached XP level 4. HP: 33/37 MP: 6/6
  1407 | D:2      | Reached skill level 4 in Maces & Flails
  1407 | D:2      | HP: 9/37 [gnoll/+0 halberd (9)]
  1851 | D:2      | Reached XP level 5. HP: 19/43 MP: 7/7
  2090 | D:3      | Noticed Sigmund
  2107 | D:3      | Killed Sigmund
  2108 | D:3      | Reached skill level 5 in Maces & Flails
  2108 | D:3      | Reached skill level 4 in Invocations
  2108 | D:3      | Reached XP level 6. HP: 18/50 MP: 7/9
  2633 | D:3      | Found Iregel's Book Emporium.
  2977 | D:3      | Found a faded altar of an unknown god.
  3593 | D:4      | Reached skill level 6 in Maces & Flails
  3841 | D:4      | Identified the +6 falchion of Hurling Instant Death {chaos,
                  | rPois rF- rCorr Int+5}
  3893 | D:4      | Found a staircase to the Ecumenical Temple.
  3940 | D:4      | HP: 12/50 [orc/+0 hand axe (3)]
  3943 | D:4      | Killed from afar by an orc priest

Vanquished Creatures
  Sigmund (D:3)
  A scorpion (D:4)
  An orc priest (D:2)
  3 adders (D:2)
  9 gnolls
  An ufetubus (D:4)
  A worm (D:2)
  3 dart slugs
  5 orcs
  8 endoplasms
  5 giant cockroaches
  6 hobgoblins
  6 quokkas
  7 ball pythons
  5 bats
  4 frilled lizards
  5 goblins
  7 kobolds
  6 rats
84 creatures vanquished.

Table legend:
 A = Non-vault XP
 B = Vault XP
 C = Vault XP percentage of total XP
 D = Non-vault monster count
 E = Vault monster count
 F = Vault count percentage of total count
                 A         B        C        D         E       F
            +---------+---------+-------+---------+---------+-------
      Total |     421 |     224 |  34.7 |      77 |       7 |   8.3
            +---------+---------+-------+---------+---------+-------
        D:1 |      53 |       0 |   0.0 |      23 |       0 |   0.0
        D:2 |     170 |       0 |   0.0 |      22 |       0 |   0.0
        D:3 |      95 |     224 |  70.2 |      26 |       7 |  21.2
        D:4 |     103 |       0 |   0.0 |       6 |       0 |   0.0
            +---------+---------+-------+---------+---------+-------

Illustrated notes

Table legend:
 A = Kills in this place as a percentage of kills in entire the game.
 B = Kills by you in this place as a percentage of kills by you in the entire game.
 C = Kills by friends in this place as a percentage of kills by friends in the entire game.
 D = Other kills in this place as a percentage of other kills in the entire game.
 E = Experience gained in this place as a percentage of experience gained in the entire game.
 F = Experience gained in this place divided by the number of levels of this place that you have seen.
                   A       B       C       D       E      F
               +-------+-------+-------+-------+-------+----------------------
         Total | 100.0 | 100.0 |   N/A |   N/A | 100.0 | 129.0
       Dungeon | 100.0 | 100.0 |   N/A |   N/A | 100.0 | 161.2
               +-------+-------+-------+-------+-------+----------------------

Table legend: (Time is in decaauts)
 A = Elapsed time spent in this place.
 B = Non-inter-level travel time spent in this place.
 C = Inter-level travel time spent in this place.
 D = Time resting spent in this place.
 E = Time spent auto-exploring this place.
 F = Levels seen in this place.
 G = Mean time per level.
                   A        B        C        D        E       F      G
               +--------+--------+--------+--------+--------+-----+--------+
         Total |   3982 |   3929 |     53 |   1215 |   2111 |   5 |  796.4 |
       Dungeon |   3981 |   3928 |     53 |   1215 |   2111 |   4 |  995.2 |
         Abyss |      1 |      1 |      0 |      0 |      0 |   1 |    1.0 |
               +--------+--------+--------+--------+--------+-----+--------+

Top non-repeatable levels by time:
     D:3: 1472 daAuts
     D:2: 1249 daAuts
     D:1: 845 daAuts
     D:4: 414 daAuts
 Abyss:1: 1 daAuts
